Cogmind - Beta 17 @@@ ROGUE MODE // 2026.07.04 @ 17:35:23 Player: DreamCore Result: Self-destructed Performance ------------- Evolutions (3) 1500 Regions Visited (4) 800 Robots Destroyed (79) 395 Value Destroyed (2346) 2346 Prototype IDs (4) 80 Alien Tech Used (0) 0 Bonus (133) 133 TOTAL SCORE: 5254 Bonus ------- High Alert Combat Kills 133 Cogmind --------- Core Integrity 517/700 Matter 45/300 Energy 100/100 System Corruption 0% Temperature Cool (0) Movement Core (350) Ox6 Location -7/Factory Parts ------- > --- POWER (1) -------- (None) > --- PROPULSION (3) --- (None) > --- UTILITY (7) ------ Large Storage Unit Improved Signal Interpreter Advanced Targeting Computer > --- WEAPON (2) ------- (None) > --- INVENTORY (15) --- Armored Treads Armored Treads Armored Treads Armored Treads Armored Treads Improved Heat Sink Weapon Cycler Hardened Medium Armor Plating Authchip [R/Combat] Authchip [Propulsion] Authchip [Armor] Plasma Cannon Heavy Assault Rifle Heavy Assault Rifle Axe Peak State ------------ > --- POWER ------------ Light Deuterium Engine > --- PROPULSION ------- Armored Treads Armored Treads Armored Treads > --- UTILITY ---------- Large Storage Unit Improved Sensor Array Improved Signal Interpreter Advanced Targeting Computer Hardened Medium Armor Plating > --- WEAPON ----------- Heavy Assault Rifle Gauss Rifle > --- INVENTORY -------- Light Nuclear Core Armored Treads Armored Treads Armored Treads Armored Treads Armored Treads Improved Heat Sink Weapon Cycler Authchip [R/Combat] Authchip [Propulsion] Authchip [Armor] Heavy Assault Rifle Grenade Launcher Axe [Rating: 35] Favorites ----------- Power Light Nuclear Core Engine Ion Engine Power Core Light Nuclear Core Propulsion Aluminum Leg Treads Armored Treads Leg Aluminum Leg Wheel Compact Wheel Utility Large Storage Unit Device Weapon Cycler Storage Large Storage Unit Processor Advanced Targeting Computer Protection Core Shielding Weapon Grenade Launcher Energy Gun Medium Laser Ballistic Gun Assault Rifle Ballistic Cannon Assault Cannon Launcher Grenade Launcher Slashing Weapon Mining Claw Build | -11 -10 -10 -8 -7 ------- Run | Yrd Mat Sub Mat Fac Slots Evolved 6 | . . . 4 2 Power . | . . . . . Propulsion 1 | . . . 1 . Utility 5 | . . . 3 2 Weapon . | . . . . . Parts Attached 72 | 1 15 6 50 . Power 12 | . 3 1 8 . Engine 8 | . 2 1 5 . Core 4 | . 1 . 3 . Reactor . | . . . . . Propulsion 19 | . 4 1 14 . Treads 6 | . 2 . 4 . Leg 10 | . 2 1 7 . Wheel 3 | . . . 3 . Hover . | . . . . . Flight . | . . . . . Utility 19 | 1 4 . 14 . Device 6 | 1 . . 5 . Storage 2 | . 2 . . . Processor 5 | . . . 5 . Hackware . | . . . . . Protection 6 | . 2 . 4 . Artifact . | . . . . . Weapon 22 | . 4 4 14 . Energy Gun 5 | . 2 2 1 . Energy Cannon . | . . . . . Ballistic Gun 12 | . 2 1 9 . Ballistic Cannon 1 | . . . 1 . Launcher 3 | . . 1 2 . Special Weapon . | . . . . . Impact Weapon . | . . . . . Slashing Weapon 1 | . . . 1 . Piercing Weapon . | . . . . . Special Melee Weapon . | . . . . . Unidentified Prototypes . | . . . . . Parts Lost 28 | . 2 6 13 7 Power 3 | . . . 2 1 Propulsion 10 | . 1 3 3 3 Utility 5 | . . . 4 1 Weapon 10 | . 1 3 4 2 Highest Loss Streak 7 | . 2 3 3 7 To Critical Strikes 1 | . . 1 . . Average Backups 14 | 6 13 14 14 14 Power 1 | 1 2 2 1 . Propulsion 3 | 4 3 1 5 5 Utility 6 | . 5 9 6 6 Weapon 2 | 1 1 2 2 3 Tool/Special . | . . . . . Unused Backups 35 | 6 5 2 12 10 Power 4 | 1 . 1 2 . Propulsion 15 | 2 3 . 6 4 Utility 11 | 1 1 1 4 4 Weapon 5 | 2 1 . . 2 Tool/Special . | . . . . . Average Slot Usage (%) 97 | . 99 99 98 73 Engine 9 | . 11 14 5 . Core 2 | . 2 . 3 6 Treads 9 | . 21 . 7 21 Leg 16 | . 6 27 15 . Wheel 1 | . . . 3 . Device 6 | . . . 15 7 Storage 11 | . 14 14 9 7 Processor 5 | . . . 11 15 Protection 11 | . 13 14 8 . Energy Gun 5 | . 6 11 . . Ballistic Gun 12 | . 21 4 13 6 Launcher 4 | . . 12 1 6 Peak Build Rating 35 | 9 11 11 35 31 Average Rating 17 | 6 8 10 27 30 On Entrance 12 | 6 9 9 8 31 Avg Prop Armor Cover (%) 7 | . . 7 8 . Naked Turns . | . . . . . Heaviest Build 42 | 12 29 33 42 33 Greatest Support 60 | 20 40 20 60 60 Greatest Overweight (x) 10 | . 1 10 3 . Average Overweight (x) . | . . 1 . . Largest Inventory Capacity 15 | 8 15 15 15 15 Average Capacity 14 | 8 14 15 15 15 Most Carried 15 | 6 15 15 15 15 Average Carried 14 | 6 13 14 14 14 Final Capacity 15 | 8 15 15 15 15 Final Carried 15 | 6 15 14 14 15 Class Distribution -------------------- 86% | Mutant 13% | Scavenger-Mutant Dominant Class ---------------- Mutant | -10/Materials Mutant | -10/Subcaves Mutant | -8/Materials Mutant | -7/Factory Resources | -11 -10 -10 -8 -7 ----------- Run | Yrd Mat Sub Mat Fac Matter Collected 2321 | 210 363 80 1668 . Remotely . | . . . . . Salvage Created 2810 | 89 420 282 2019 . Parts 170 | 5 33 9 123 . Haulers Intercepted 6 | . 1 . 5 . Recyclers Shooed 4 | . . . 4 . Parts Field Recycled . | . . . . . Retrieved Matter . | . . . . . Parts Self-Destructed 6 | . . 6 . . Prevented . | . . . . . Parts Restored . | . . . . . Kills | -11 -10 -10 -8 -7 ------- Run | Yrd Mat Sub Mat Fac Combat Hostiles Destroyed 51 | . 11 6 34 . Guns 36 | . 11 6 19 . Cannons 6 | . . . 6 . AOE 9 | . . . 9 . Classes Destroyed 16 | 2 6 1 7 . Worker 2 | . 1 . 1 . Builder 4 | . . . 4 . Tunneler 1 | 1 . . . . Hauler 6 | . 1 . 5 . Recycler 6 | 1 . . 5 . Operator 2 | . 1 . 1 . Watcher 7 | . 2 . 5 . Swarmer 9 | . 7 . 2 . Grunt 15 | . 4 . 11 . Brawler 2 | . . . 2 . Duelist 1 | . . . 1 . Sentry 13 | . . . 13 . Specialist 2 | . . . 2 . Hunter 2 | . . . 2 . Heavy 1 | . . . 1 . Subdweller 6 | . . 6 . . Best Kill Streak 8 | 2 3 3 8 . Combat Bots Only 5 | . 3 3 5 . Max Kills in Single Turn 3 | 1 1 1 3 . Gunslinging . | . . . . . Exploded 2 | . . . 2 . Melee . | . . . . . Uniques/NPCs Destroyed . | . . . . . Combat | -11 -10 -10 -8 -7 -------- Run | Yrd Mat Sub Mat Fac Hostile Shots Fired 434 | . 64 49 284 37 Missed 122 | . 21 12 81 8 Hits 312 | . 43 37 203 29 Melee 5 | . . . 5 . Projectile 307 | . 43 37 198 29 AOE 2 | . . 2 . . Critical Strikes 14 | . 1 1 12 . Damage Taken 5643 | . 580 872 3751 440 Core 903 | . 43 176 501 183 Absorbed by Shields . | . . . . . Redirected to Shielding 106 | . . 38 68 . Regen/Repaired (Parts) 122 | . . . 122 . Core Remaining (%) 40 | 100 . 12 8 . Volleys Fired 275 | 6 53 37 179 . Largest 2 | 2 2 2 2 . Hottest 100 | 90 90 100 80 . Shots Fired 492 | 12 106 63 311 . Gun 427 | 12 106 50 259 . Cannon 27 | . . . 27 . Launcher 38 | . . 13 25 . Special . | . . . . . Kinetic 375 | . 86 13 276 . Thermal 69 | 12 20 37 . . Explosive 38 | . . 13 25 . Electromagnetic 10 | . . . 10 . Robot Hit Streak 22 | 9 8 22 21 . Robot Miss Streak 5 | 1 5 2 5 . Penetration Max 1 | . . . 1 . Secondary Targets 3 | . 1 1 1 . Max Gunslinging Chain 1 | . 1 1 1 . Shots Hit Robots 308 | 10 51 36 211 . Core Hits 156 | 2 27 14 113 . Critical Kills 3 | . 1 . 2 . Critical Parts Destroyed . | . . . . . Critical Strikes 6 | 1 2 1 2 . Burn 3 | 1 1 1 . . Destroy 3 | . 1 . 2 . Melee Attacks 3 | . . . 3 . Impact . | . . . . . Slashing 3 | . . . 3 . Piercing . | . . . . . Sneak Attacks . | . . . . . Combat Hostiles . | . . . . . Follow-up Attacks . | . . . . . Damage Inflicted 6499 | 119 562 677 5140 1 Guns 4179 | 119 537 431 3092 . Cannons 533 | . . . 533 . Explosions 1760 | . . 246 1514 . Melee . | . . . . . Ramming 27 | . 25 . 1 1 Kinetic 4018 | . 421 104 3493 . Thermal 669 | 119 116 327 107 . Explosive 1653 | . . 246 1407 . Electromagnetic 132 | . . . 132 . Impact . | . . . . . Slashing . | . . . . . Piercing . | . . . . . Highest Corruption . | . . . . . Average Corruption . | . . . . . Corruption Purged . | . . . . . Corruption Blocked . | . . . . . Overload Shots . | . . . . . Overflow Damage 84 | . 38 . 46 . Projectiles 25 | . . . 25 . Explosions 59 | . 38 . 21 . Melee . | . . . . . Knockbacks 5 | . . . 5 . Impact . | . . . . . Kinetic 4 | . . . 4 . Secondary 1 | . . . 1 . Self-Inflicted Damage 304 | . 184 45 75 . Shots 9 | . 2 5 2 . Rammed 7 | . 4 . . 3 Targets Rammed 9 | . 5 . 1 3 Kicked 2 | . 1 . 1 . Crushed . | . . . . . Highest Temperature 231 | 162 231 1 197 . Average Temperature 45 | 89 46 1 40 . Received Heat Transfer 1539 | . 102 114 1323 . Siege Activations . | . . . . . Martial Activations . | . . . . . Shielding Activations . | . . . . . Robots Disrupted . | . . . . . Combat Hostiles . | . . . . . Robots Corrupted . | . . . . . Combat Hostiles . | . . . . . Parts Fried . | . . . . . Impact Corruptions . | . . . . . Robots Melted 1 | 1 . . . . Combat Hostiles . | . . . . . Parts Melted 3 | . . 3 . . Heat Transferred 1954 | 396 372 1036 150 . Parts Sabotaged . | . . . . . Parts Stolen . | . . . . . Parts Stripped . | . . . . . Power Chain Reactions 1 | . . . 1 . Alert | -11 -10 -10 -8 -7 ------- Run | Yrd Mat Sub Mat Fac Maximum Alert Level 2 | . . . 2 1 Low Security (%) 68 | 100 100 . 54 21 Level 1 14 | . . . 16 78 Level 2 17 | . . . 28 . Level 3 . | . . . . . Level 4 . | . . . . . Level 5 . | . . . . . High Security . | . . . . . Max Security . | . . . . . Peak Influence 696 | 10 90 . 696 315 Initial 315 | . . . . 315 Average 155 | 1 23 . 223 240 Influence Increases 1704 | 10 397 . 1297 . Destroy 0b10 Robot/C 900 | . 220 . 680 . Destroy 0b10 Robot/NC 140 | 10 25 . 105 . Destroy Leader 286 | . 36 . 250 . Successful Hack 16 | . 5 . 11 . Disable Machine 150 | . 30 . 120 . Destroy Structure 122 | . 36 . 86 . Lose Combat Pursuer 90 | . 45 . 45 . Influence Decreases 1609 | 10 372 25 603 599 Entered New Map 392 | . . 13 . 379 Time Decay 987 | 10 352 2 473 150 Lost Part 230 | . 20 10 130 70 Squads Dispatched 16 | . 3 . 11 2 Investigation 3 | . 2 . . 1 Extermination 1 | . . . . 1 Reinforcement 5 | . 1 . 4 . Assault . | . . . . . Garrison 7 | . . . 7 . Intercept . | . . . . . Searches Triggered . | . . . . . Construction Impeded . | . . . . . Haulers Reinforced . | . . . . . Active Scanning Responses . | . . . . . Cargo Convoy Interrupts . | . . . . . Stealth | -11 -10 -10 -8 -7 --------- Run | Yrd Mat Sub Mat Fac Distress Signals 6 | . 2 . 4 . Communications Jammed . | . . . . . Distress Signals . | . . . . . Times Spotted 99 | . 27 11 57 4 Peak Tracking Total 7 | . 7 3 6 4 Tactical Retreats 6 | . 3 . 3 . Traps | -11 -10 -10 -8 -7 ------- Run | Yrd Mat Sub Mat Fac Traps Triggered 4 | . 2 . 2 . Indirectly . | . . . . . Trap Hack Attempts . | . . . . . Triggered . | . . . . . Disarmed . | . . . . . Reprogrammed . | . . . . . Reused . | . . . . . Traps Extracted . | . . . . . Installed . | . . . . . Triggered . | . . . . . Machines | -11 -10 -10 -8 -7 ---------- Run | Yrd Mat Sub Mat Fac Machines Disabled 10 | . 2 . 8 . Max in Single Turn 2 | . 2 . 1 . Machines Repaired . | . . . . . Machines Dismantled . | . . . . . Machines Sabotaged . | . . . . . Overloaded Fab Kills . | . . . . . Hacking | -11 -10 -10 -8 -7 --------- Run | Yrd Mat Sub Mat Fac Machines Accessed 21 | . 6 1 13 1 Terminals 12 | . 5 . 7 . Fabricators . | . . . . . Repair Stations 2 | . . . 2 . Recycling Units 3 | . 1 . 1 1 Scanalyzers 2 | . . . 2 . Garrison Access 1 | . . . 1 . Total Hacks 59 | . 15 4 37 3 Successful 30 | . 4 4 20 2 Failed 28 | . 11 . 16 1 Catastrophic 6 | . 2 . 4 . Database Lockouts 1 | . . . 1 . Manual 22 | . 6 . 16 . Terminals 32 | . 14 . 18 . Fabricators . | . . . . . Repair Stations 7 | . . . 7 . Recycling Units 7 | . 1 . 3 3 Scanalyzers 8 | . . . 8 . Garrison Access 1 | . . . 1 . Terminal Hacks 11 | . 4 4 3 . Record 4 | . . 4 . . Robot Analysis 2 | . 1 . 1 . Prototype ID Bank 2 | . 1 . 1 . Alert Level 1 | . 1 . . . Recall Investigation 2 | . 1 . 1 . Fabricator Hacks . | . . . . . Repair Station Hacks 6 | . . . 6 . Scan Component 3 | . . . 3 . Repair 3 | . . . 3 . Recycling Unit Hacks 3 | . . . 1 2 Process 1 | . . . . 1 Report Inventory 2 | . . . 1 1 Scanalyzer 6 | . . . 6 . Insert Component 2 | . . . 2 . Analyze 2 | . . . 2 . Retrieve Study 2 | . . . 2 . Garrison Access Hacks . | . . . . . Unauthorized Hacks 4 | . . . 4 . Terminals 3 | . . . 3 . Botnet 3 | . . . 3 . Fabricators . | . . . . . Repair Stations . | . . . . . Recycling Units 1 | . . . 1 . Reject 1 | . . . 1 . Scanalyzers . | . . . . . Garrison Access . | . . . . . Data Cores Recovered . | . . . . . Used . | . . . . . Hacking Detections 19 | . 6 . 12 1 Full Trace Events 4 | . 2 . 1 1 Feedback Events . | . . . . . Feedback Blocked . | . . . . . Robot Schematics Acquired . | . . . . . Robots Built . | . . . . . Authchips . | . . . . . Time . | . . . . . Total Robot Build Rating . | . . . . . Part Schematics Acquired 2 | . . . 2 . Parts Built . | . . . . . Authchips . | . . . . . Time . | . . . . . Total Part Build Rating . | . . . . . Part Studies Acquired 2 | . . . 2 . Parts Repaired 3 | . . . 3 . Time 114 | . . . 114 . Parts Recycled . | . . . . . Recycled Matter 7 | . . . . 7 Retrieved Matter . | . . . . . Retrieved Components . | . . . . . Parts Scanalyzed 2 | . . . 2 . Part Schematics Acquired 2 | . . . 2 . Parts Damaged . | . . . . . Bothacking | -11 -10 -10 -8 -7 ------------ Run | Yrd Mat Sub Mat Fac Used RIF Installer . | . . . . . Robots Hacked . | . . . . . Non-combat . | . . . . . Combat . | . . . . . Robot Hacks Applied . | . . . . . Relay Couplers Released . | . . . . . Fabnet Peak Effective % . | . . . . . Robots Rewired . | . . . . . Allies Hacked . | . . . . . Hacks Repelled . | . . . . . Allies | -11 -10 -10 -8 -7 -------- Run | Yrd Mat Sub Mat Fac Total Allies . | . . . . . Largest Group . | . . . . . Highest-Rated Group . | . . . . . Highest-Rated Ally . | . . . . . Total Orders . | . . . . . Ally Attacks . | . . . . . Total Damage . | . . . . . Kills . | . . . . . Allies Corrupted . | . . . . . Allies Melted . | . . . . . Intel | -11 -10 -10 -8 -7 ------- Run | Yrd Mat Sub Mat Fac Active Infowar (turns) 3325 | 12 10 . 3001 302 Sensors 1914 | . . . 1612 302 Terrain 22 | 12 10 . . . Structural 1389 | . . . 1389 . T.N.C. 648 | . . . 648 . Robot Analysis Total 2 | . 1 . 1 . Derelict Logs Recovered 2 | . . 2 . . Drone Launches . | . . . . . Drone Recoveries . | . . . . . Exploration | -11 -10 -10 -8 -7 ------------- Run | Yrd Mat Sub Mat Fac Turns Passed 7271 | 43 1701 2194 3029 304 Spaces Moved 3896 | 20 885 1089 1729 173 Core 2 | . . 2 . . Treads 1186 | . 685 4 324 173 Legs 2447 | 20 200 1083 1144 . Wheels 261 | . . . 261 . Hover . | . . . . . Flight . | . . . . . Fastest Speed 90 | 120 120 190 90 170 Average Speed 158 | 120 165 190 134 170 Slowest Speed 550 | 120 240 550 330 170 Overloaded Moves . | . . . . . Propulsion Burnouts . | . . . . . Robots Hopped . | . . . . . Potential Cave-ins . | . . . . . Cave-ins Triggered . | . . . . . Exploration Rate (%) 48 | 2 96 56 84 3 Regions Visited 4 Branch Regions 1 Pre-discovered Areas . | . . . . . Known Exits Taken 1 | . . . 1 . Unknown Exits Taken 3 | 1 1 1 . . Scrap Searched 6 | . . 6 . . Spaces Dug 1 | . . . 1 . Terrain Destroyed 207 | . 40 73 94 . Melee 1 | . . . 1 . Projectile 6 | . . . 6 . AOE 200 | . 40 73 87 . Terrain Rammed . | . . . . . Walls Destroyed . | . . . . . Machines Disabled . | . . . . . Actions | -11 -10 -10 -8 -7 --------- Run | Yrd Mat Sub Mat Fac Total 4550 | 26 1021 1154 2172 177 Wait 146 | . 34 6 106 . Move 3892 | 19 884 1088 1728 173 Hop . | . . . . . Pick Up 63 | . 15 8 39 1 Fast Attach 29 | 1 5 . 23 . Attach 23 | . 3 4 16 . Detach 2 | . . . 2 . Swap 46 | . 13 4 29 . Drop 62 | . 9 7 46 . Fire 275 | 6 53 37 179 . Melee 3 | . . . 3 . Ram 1 | . . . . 1 Kick 2 | . 1 . 1 . Crush 6 | . 4 . . 2 Escape Stasis . | . . . . . Rewire . | . . . . . Trap . | . . . . . Miscellaneous . | . . . . . Route ------- -11/Scrapyard -10/Materials (discovered 5 exits: [*Mat x3] / [*Min] / *Sub) -10/Subcaves (discovered 2 exits: *Mat / Rec) -8/Materials (discovered 3 exits: *Fac x3) -7/Factory History --------- Turn | Location | Event 17 | -11/Scrapyard | Discovered new exit (range 2) 44 | -11/Scrapyard | Entered Materials 305 | -10/Materials | Build established: Mutant 445 | -10/Materials | Discovered new exit (range 13) 802 | -10/Materials | Discovered new exit (range 16) 844 | -10/Materials | Derelicts attacked the area 1191 | -10/Materials | Discovered new exit (range 16) 1355 | -10/Materials | Discovered new exit (range 16) 1717 | -10/Materials | Discovered new exit (range 10) 1745 | -10/Materials | Entered Subcaves 1802 | -10/Subcaves | Learned Materials terminal intel 1970 | -10/Subcaves | Core integrity fell below 50% 3044 | -10/Subcaves | Learned Materials garrison access intel 3225 | -10/Subcaves | Shifting Twisted Machinery released Battle Rifle 3233 | -10/Subcaves | Shifting Twisted Machinery released Sub. Laser 3601 | -10/Subcaves | Visited Clippyterm 3607 | -10/Subcaves | Identified exit to Recycling 3791 | -10/Subcaves | Discovered new exit (range 9) 3928 | -10/Subcaves | Ambushed by Subdweller buried in earth 3929 | -10/Subcaves | Ambushed by Subdweller buried in earth 3936 | -10/Subcaves | Core integrity fell below 20% 3939 | -10/Subcaves | Entered Materials 3939 | -8/Materials | Evolved 4 slots: Propulsion x1, Utility x3 3940 | -8/Materials | Loaded intel: 12 terminal locations 3941 | -8/Materials | Loaded intel: 1 garrison access location 3968 | -8/Materials | Lost 3 parts (2n1w) 4104 | -8/Materials | Central database locked down 4179 | -8/Materials | Garrison activated, responded to threat 4463 | -8/Materials | Repaired Core Shielding 4853 | -8/Materials | Lost 3 parts (2n1w) 5809 | -8/Materials | Lost 3 parts (1p1n1w) 6003 | -8/Materials | Discovered new exit (range 16) 6147 | -8/Materials | Build established: Scavenger-Mutant 6571 | -8/Materials | Repaired Gauss Rifle 6617 | -8/Materials | Repaired Weapon Cycler 6739 | -8/Materials | Discovered new exit (range 14) 6789 | -8/Materials | Core integrity fell below 50% 6884 | -8/Materials | Core integrity fell below 20% 6928 | -8/Materials | Lost 3 parts (1p2u) 6938 | -8/Materials | Discovered new exit (range 10) 6966 | -8/Materials | Identified exit to Factory 6968 | -8/Materials | Entered Factory 6968 | -7/Factory | Evolved 2 slots: Utility x2 7167 | -7/Factory | Build established: Mutant 7272 | -7/Factory | Self-destructed Last Messages --------------- Imp. System Shield (30%) >>Recycling(Process) Analyzing inventory... Recycling at 100% efficiency: Prototype Ballistic Gun (7) Imp. System Shield (0) 07153_ ALERT: Suspicious activity at Recycling Unit F002. Dispatching Investigation squad. 07230_ ALERT: Potential suspicious activity detected, Programmers report to Factory Zone 5U. 07249_ Arm. Treads destroyed. 07250_ ALERT: All DSF locations entering lockdown mode. 07252_ Gauss Rifle destroyed. 07260_ Grenade Launcher destroyed. 07262_ Arm. Treads destroyed. 07263_ Lgt. Nuclear Core destroyed. 07264_ Slammed into S-27 Virus. 07269_ Arm. Treads destroyed. 07269_ Slammed into S-27 Virus. 07270_ Imp. Sensor Array destroyed. Map ----- +----------------------------------------------------+ | ?????????????????????????????????????????????????? | | ?????????????????????????????????????????????????? | | ?????????????????????????????????????????????????? | | ?????????????????????????????????????????????????? | | ?????????????????????????????????????????????????? | | ?????????????????????????????????????????????????? | | ?????????????????????????????????????????????????? | | ?????????????????????????????????????????????????? | | ?????????????????????????????????????????????????? | | ?????????????????????????????????????????????????? | | ?????????????????????????????????????????????????? | | ?????????????????????????????????????????????????? | | ?????????????????????????????????????????????????? | | ?##########??????????????????????????????????????? | | ?# #??????????????????????????????????????? | | ?# """ #??????????????????????????????????????? | | ?# "Y" #??????????????????????????????????????? | | ?# " " #?????????########?????????????????????? | | ?# #??????? +?????????????????????? | | ?# """ #??????? #?????????????????????? | | ?# """ #??????? #?????????????????????? | | ?# """ #?????? """ """ #?????????????????????? | | ?# #???# """ """ #?????????????????????? | | #######+####??# """ """ #?????????????????????? | | #??# #?????????????????????? | | #??# """ """@s#?????????????????????? | | #??# """ """ s#?????????????????????? | | #??# """ """ss#?????????????????????? | | #??# #?????????????????????? | | ###### #??# |#?????????????????????? | | #???# ##########+#######????????????????????? | | #???# ?????????????? | | #???# ?????????????? | | #???# ?????????????? | | #???# ??????????????? | | #???# ??????????????? | | #???#################+###########???????????????? | | #???????????????????????????????????????????????? | | #???????????????????????????????????????????????? | | #???????????????????????????????????????????????? | | #???????????????????????????????????????????????? | | #???????????????????????????????????????????????? | | ##???????????????????????????????????????????????? | | ?????????????????????????????????????????????????? | | ?????????????????????????????????????????????????? | | ?????????????????????????????????????????????????? | | ?????????????????????????????????????????????????? | | | | | | | +----------------------------------------------------+ Best States ------------- Heat Dissipation 34 Energy Generation 15 Energy Capacity 275 Matter Stores 300 Matter Capacity 300 Sight Range 16 Robot Scan Range 15 Terrain Scan Range 16 Terrain Scan Density 10 Armor Coverage 225 Resistance: EM 15 Core Shielding 20 Power Shielding 33 Weapon Cycling 15 Evasion (%) 57 Targeting Accuracy 8 Recoil Reduction 3 Authchip Count 3 Item Schematics ----------------- Aluminum Leg | -8/Materials | Scanalyzed Imp. Treads | -8/Materials | Scanalyzed Robot Schematics ------------------ None Fabricated ------------ Nothing Repaired ---------- Core Shielding | 16% | -8/Materials Gauss Rifle | 54% | -8/Materials Weapon Cycler | 60% | -8/Materials Studied --------- Assault Rifle | -8/Materials | Hacked Imp. Treads | -8/Materials | Hacked Alien Tech Used ----------------- None Achievements -------------- Sprinter Challenges ------------ None Game ------ Seed HeavyStorageJets Manual? 0 Play Time 01:16:49 Cumulative 85.9 hours Start 2026.07.04 @ 16:08:53 End 2026.07.04 @ 17:35:23 Sessions 1 Manual Loads 0 Difficulty Rogue Special Mode None Game No. 94 Rogue 94 Adventurer 0 Explorer 0 Win Type - Total 2 Types 2/0/0/0/0/0/0/0/0/0 Lore% 34 Gallery% 37 Achievement% 34 Wizard Run 0 Options --------- Layout 0 ASCII 0 Keyboard 1 Movement Arrows Keybinds 0 Fullscreen 0 Font 20/Smallcaps Map View 76x50 Zoom Use 0% Tactical HUD 1 Map Filters NONE Filters NONE Steam 1 RUN: dc392205-d0d5-4ccf-85b7-11b489a3eb76